 Dungeon Crawl Stone Soup version 0.30-b1-2-g02819fbbbe (webtiles) character file.

Game seed: 10747301191447462160

28 falawelle the Chopper (level 2, -2/27 HPs)
             Began as a Minotaur Berserker on May 10, 2023.
             Was a Follower of Trog.
             Slain by a hobgoblin (4 damage)
             ... led by Robin
             ... on level 2 of the Dungeon.
             The game lasted 00:02:23 (1563 turns).

falawelle the Chopper (Minotaur Berserker)          Turns: 1563, Time: 00:02:23

Health: -2/27      AC:  2    Str: 21    XL:     2   Next: 96%
Magic:  1/1        EV: 12    Int:  4    God:    Trog [*.....]
Gold:   64         SH:  0    Dex:  9    Spells: 1/1 levels left

rFire   . . .        a - +0 hand axe
rCold   . . .        (no shield)
rNeg    . . .        b - +0 animal skin
rPois   .            (helmet restricted)
rElec   .            (no cloak)
rCorr   .            (no gloves)
SInv    .            (no boots)
Will    .....        (no amulet)
Stlth   +            (no ring)
HPRegen 0.24/turn    (no ring)
MPRegen 0.07/turn

%: no passive effects
@: no status effects
A: horns 2, retaliatory headbutt
a: Renounce Religion, Berserk


You were on level 2 of the Dungeon.
You worshipped Trog.
Trog was aware of your devotion.
You visited 1 branch of the dungeon, and saw 2 of its levels.

You collected 64 gold pieces.

Inventory:

Hand Weapons
 a - a +0 hand axe (weapon)
Armour
 b - a +0 animal skin (worn)
Scrolls
 d - a scroll of identify {unknown}
 e - a scroll of enchant armour {unknown}
 f - a scroll of teleportation {unknown}
Potions
 c - a potion of haste {unknown}
 g - a potion of heal wounds {unknown}


   Skills:
 + Level 3.9 Fighting
 * Level 4.2(4.3) Axes
 + Level 1.2(3.0) Polearms
 + Level 2.8 Armour
 - Level 2.1 Dodging


You had one spell level left.
You didn't know any spells.
Your spell library was empty.

Dungeon Overview and Level Annotations

Branches:
Dungeon (2/15)

Altars:

Annotations:
D:2 Robin


Innate Abilities, Weirdness & Mutations

You have a pair of horns on your head.
You reflexively headbutt those who attack you in melee.


Message History

You are frozen.
A hobgoblin comes into view.
You hit the endoplasm.
You kill the endoplasm!
Trog accepts your kill. Robin throws the goblin at you!
The goblin barely misses you.
A goblin comes into view. It is wielding a +0 club.
You completely miss the goblin. Your headbutt misses the goblin.
You hit the goblin.
You kill the goblin!
Trog accepts your kill.
An adder comes into view.
The goblin hits you but does no damage.
The adder hisses angrily.
You hit the goblin.
You kill the goblin!
Trog accepts your kill.
You hear a shout!
Robin throws the goblin at you!
A goblin comes into view. It is wielding a +0 club.
There are monsters nearby!
You closely miss the goblin. x2; The goblin hits you with a +0 club. x2
Robin throws the goblin at you!
A goblin comes into view. It is wielding a +3 dagger.
The goblin hits you with a +0 club.
* * * LOW HITPOINT WARNING * * *
Okay, then.
You hit the goblin.
You kill the goblin!
Trog accepts your kill.
You hit the goblin but do no damage. You hit the goblin.
You kill the goblin!
Trog accepts your kill.
A goblin comes into view. It is wielding a +0 club.
Robin throws the goblin at you!
* * * LOW HITPOINT WARNING * * *
The goblin hits you with a +0 club.
* * * LOW HITPOINT WARNING * * *
The hobgoblin attacks as you move away! The hobgoblin hits you.
You die...

.≈####......
....≈.......... ..
.!##≈.......... #. ..
............ #.##.#
............ ....
............ ..#
.......).....
...#####)##........†....
.g.SgKg@g........>......
.g.#####g.##............
###...............
#....##########.##
#....##...# #.# #.###
###.## ##.# #
#..######..##
###...........
###.......######


You could see Robin, an adder, 2 hobgoblins, 3 goblins and a kobold.

Vanquished Creatures
  An adder (D:2)
  2 ball pythons
  2 endoplasms (D:2)
  A giant cockroach (D:2)
  6 goblins (D:2)
  2 hobgoblins
  2 frilled lizards (D:1)
  A kobold (D:1)
  A rat (D:1)
18 creatures vanquished.

Notes
Turn   | Place    | Note
-------+----------+-------------------------------------------
     0 | D:1      | falawelle the Minotaur Berserker began the quest for the
                  | Orb.
     0 | D:1      | Reached XP level 1. HP: 19/19 MP: 0/0
   403 | D:1      | Found a faded altar of an unknown god.
  1302 | D:1      | You fall into a shaft and drop 1 floor!
  1440 | D:2      | Reached XP level 2. HP: 20/27 MP: 1/1
  1486 | D:2      | Reached skill level 4 in Axes
  1517 | D:2      | Reached skill level 1 in Polearms
  1555 | D:2      | Noticed Robin
  1563 | D:2      | Slain by a hobgoblin

Illustrated notes

Levels and vault maps discovered:
D:1:      shiori_arrival_maze, layout_basic,
          hellmonk_ecumenical_altar_arch_garden, nicolae_eternal_life,
          glass_columns_a, amcnicky_mini_pool_small
D:2:      layout_rooms, chequers_serial_rivers_micro_e, uniq_robin

Skill      XL: |  1  2 |
---------------+-------+-----
Axes           | 4 |  4.2
Polearms       | 1 |  1.2
Fighting       | |  3.9
Armour         | |  2.8
Dodging        | |  2.1

Action                     || total
---------------------------++-------
  Melee: Hand axe          ||    38
         Headbutt          ||     4
         Punch             ||     1
 Armour: Animal skin       ||     9
  Dodge: Dodged            ||    20
